 Dungeon Crawl Stone Soup version 0.21.1 (webtiles) character file.

16797 GuyWithAPlan the Spear-Bearer (level 12, 0/89 HPs)
             Began as a Formicid Fighter on Feb 2, 2018.
             Was a Follower of Ru.
             Slain by an ice dragon (9 damage)
             ... in an ice cave.
             The game lasted 00:36:55 (14923 turns).

GuyWithAPlan the Spear-Bearer (Formicid Fighter)   Turns: 14923, Time: 00:36:56

Health: 0/89       AC: 15    Str: 32    XL:     12   Next: 74%
Magic:  19/19      EV: 13    Int:  7    God:    Ru [*.....]
Gold:   963        SH:  0    Dex: 18    Spells: 11/11 levels left

rFire    . . .     SeeInvis +   p - +3 trident (pierce)
rCold    + . .     Gourm    .   c - +0 shield
rNeg     . . .     Faith    .   R - +3 scale mail
rPois    +         Spirit   .   (helmet unavailable)
rElec    .         Reflect  .   M - scarf {repulsion}
rCorr    .         Harm     .   k - +1 pair of gloves
MR       +....                  L - +0 pair of boots
Stlth    ..........             O - amulet of rage
HPRegen  0.24/turn              T - ring "Bim Kyre" {*Contam rPois Str+3 Stlth-}
MPRegen  0.16/turn              r - ring of protection from cold

@: confused, mighty, agile, no scrolls, flying (expiring), repel missiles
A: permanent stasis, dig shafts and tunnels, four strong arms, antennae 3,
inability to read while threatened
a: Dig, Shaft Self, Renounce Religion


You were in an ice cave.
You worshipped Ru.
Ru was aware of your devotion.
You were not hungry.

You visited 3 branches of the dungeon, and saw 14 of its levels.
You also visited: Ossuary and Ice Cave.

You collected 963 gold pieces.

Inventory:

Hand Weapons
 a - a +0 quarterstaff
 e - a +0 whip of holy wrath
 p - a +3 trident of piercing (weapon)
Armour
 b - a +0 scale mail
 c - a +0 shield (worn)
 i - a +0 ring mail
 k - a +1 pair of gloves (worn)
 I - a +0 cloak
 L - a +0 pair of boots (worn)
 M - a scarf of repulsion (worn)
 R - a +3 scale mail (worn)
Magical Staves
 E - an uncursed staff of earth
 N - an uncursed staff of air
 U - an uncursed staff of cold {unknown}
Jewellery
 r - a ring of protection from cold (right hand)
 s - an uncursed ring of loudness
 D - an uncursed ring of protection from fire
 O - an amulet of rage (around neck)
 T - the ring "Bim Kyre" (left hand) {*Contam rPois Str+3 Stlth-}
   (You found it on level 10 of the Dungeon)

   [ring of loudness]

   It affects your strength (+3).
   It protects you from poison.
   It causes magical contamination when unequipped.
   It makes you less stealthy.
Wands
 d - a wand of acid (3)
 x - a wand of random effects (33)
 J - a wand of digging (1)
Scrolls
 h - 2 scrolls of fear
 j - 6 scrolls of remove curse
 o - 3 scrolls of amnesia
 t - 7 scrolls of teleportation
 u - 4 scrolls of enchant armour
 y - a scroll of random uselessness
 B - 4 scrolls of identify
 K - a scroll of noise
Potions
 g - 2 potions of berserk rage
 m - 3 potions of haste
 n - a potion of magic
 v - a potion of might
 w - 3 potions of curing
 z - 2 potions of agility
 A - 2 potions of cancellation
 C - 2 potions of degeneration
 F - 3 potions of heal wounds
 G - a potion of resistance
 P - a potion of lignification
 S - a potion of brilliance {unknown}
Books
 H - a book of Callings

   Spells                             Type                      Level
   a - Summon Small Mammal            Summoning                    1
   b - Call Imp                       Summoning                    2
   c - Call Canine Familiar           Summoning                    3
   d - Summon Guardian Golem          Hexes/Summoning              3
   e - Summon Lightning Spire         Summoning/Air                4
   f - Summon Ice Beast               Ice/Summoning                4
Miscellaneous
 Q - a lamp of fire (inert)
Comestibles
 f - 27 rations
 V - 2 chunks of flesh


   Skills:
 - Level 6.9 Fighting
 - Level 13.9(14.0) Polearms
 - Level 2.0(9.5) Staves
 + Level 10.2 Armour
 - Level 3.6 Shields
 - Level 10.0 Evocations


You had 11 spell levels left.
You didn't know any spells.

Dungeon Overview and Level Annotations

Branches:
Dungeon (11/15)            Temple (1/1) D:4            Lair (2/6) D:10
    Orc (0/2) D:10
  Swamp: Lair:2-4    Shoals: Lair:2-4     Snake: Lair:2-4    Spider: Lair:2-4

Altars:
Ashenzari
Cheibriados
Dithmenos
Elyvilon
Fedhas
Gozag
Hepliaklqana
Kikubaaqudgha
Makhleb
Nemelex Xobeh
Okawaru
Qazlal
Ru
Sif Muna
Trog
Uskayaw
Vehumet
Wu Jian
Xom
Yredelemnul
Zin
The Shining One

Shops:
D:4 %   D:8 *   D:10 }

Annotations:
IceCv exclusion: ice statue


Innate Abilities, Weirdness & Mutations

You cannot be hasted, slowed, berserked, paralysed or teleported.
You can dig through walls and to a lower floor.
Your four strong arms can wield two-handed weapons with a shield.
You have a pair of large antennae on your head. (SInv)
You cannot read scrolls while threatened.


Message History

The ice dragon is almost dead.
The ice dragon begins to attack, but is stunned by your will!
You closely miss the ice dragon.
The ice dragon is almost dead.
The ice dragon breathes frost at you. The blast of cold hits you! You resist.
* * * LOW HITPOINT WARNING * * *
Okay, then.
You are confused.
You feel invigorated. The ice dragon breathes frost at you.
The blast of cold hits you! You resist.
* * * LOW HITPOINT WARNING * * *
You are starting to lose your buoyancy.
You bump into the ice covered rock wall.
The ice dragon begins to attack, but is stunned by your will!
The ice dragon bites you but does no damage.
The ice dragon claws you but does no damage.
The ice dragon tramples you!
You die...

####.##..# #..# ##...##
##.## #.....# #..#
#...#..# ##.# ≈≈#
##..###.# ##..# #≈≈#
##..###..# #.#.###≈≈#
$$. #..####.##
##.###≈≈≈# $..
##.#..#..####...##≈≈≈#
..D
#..#.#.#@##..#.##≈≈≈#
...
###...#.D#..##..#≈≈≈#
..D
##..##.D.##....D≈{##=$.
##..#####.####≈≈≈{#==$
##...#...##≈≈≈≈≈#D===
###..#.##≈≈≈≈≈≈..#=#
###.####≈#≈≈#### # ###
###≈## ###


You could see 2 ice dragons.

Vanquished Creatures
  A two-headed ogre (D:10)
  The ghost of Rrauwl the Magician, a novice GnWr of Hepliaklqana (D:8)
  The ghost of Fascinator the Fighter, a novice MiBe of Trog (D:9)
  Pikel (D:6)
  A cyclops (D:11)
  Maurice (D:10)
  4 spiny frogs
  A gargoyle (D:10)
  A rime drake (IceCv)
  2 komodo dragons
  A queen bee (Lair:1)
  2 trolls (D:10)
  Prince Ribbit (D:7)
  Grinder (D:3)
  4 hippogriffs
  9 yaks
  Sigmund (D:2)
  4 hogs (D:8)
  Eustachio (D:6)
  A human (D:8)
  A steam dragon (D:10)
  2 hungry ghosts
  The ghost of NihilVerum the Grave Robber, an amateur DsNe (D:3)
  Menkaure (D:7)
  2 water moccasins
  3 porcupines (Lair:1)
  6 orc warriors
  4 sky beasts
  14 ice beasts
  A black bear (D:6)
  2 centaurs
  3 ogres
  2 crocodiles
  2 big kobolds (D:10)
  An elf zombie (Ossuary)
  8 bullfrogs
  3 gnoll sergeants
  23 killer bees (Lair:1)
  3 wights (D:6)
  3 howler monkeys (D:8)
  3 crimson imps
  5 hounds
  A human zombie (Ossuary)
  3 orc priests
  A centaur skeleton (D:5)
  3 iguanas
  Terence (D:3)
  13 orc wizards
  Natasha (thrice) (D:2)
  3 worker ants
  2 big kobold zombies (Ossuary)
  A hound skeleton (D:10)
  3 mummies
  Robin (D:2)
  10 gnolls
  A worker ant zombie (D:11)
  2 howler monkey skeletons (D:4)
  7 adders
  A shadow imp (D:10)
  2 oozes (D:1)
  An adder zombie (D:5)
  2 dart slugs (D:1)
  3 leopard geckos
  49 orcs
  A ball python (D:7)
  7 giant cockroaches
  7 goblins
  10 hobgoblins
  17 jackals
  3 quokkas
  2 bats
  3 frilled lizards
  A goblin zombie (Ossuary)
  11 hobgoblin zombies (Ossuary)
  2 jackal zombies (Ossuary)
  5 kobolds
  8 kobold zombies (Ossuary)
  9 orc zombies (Ossuary)
  A quokka skeleton (D:5)
  6 rats
  2 rat zombies (Ossuary)
340 creatures vanquished.

Vanquished Creatures (others)
  A water moccasin (Lair:1)
  A shadow imp (D:10)
2 creatures vanquished.

Grand Total: 342 creatures vanquished

Notes
Turn   | Place    | Note
-------+----------+-------------------------------------------
     0 | D:1      | GuyWithAPlan the Formicid Fighter began the quest for the Orb.
     0 | D:1      | Reached XP level 1. HP: 18/18 MP: 1/1
    10 | D:1      | Reached XP level 2. HP: 24/24 MP: 2/2
   193 | D:1      | Reached XP level 3. HP: 25/29 MP: 3/3
   869 | D:2      | Noticed Robin
   882 | D:2      | Killed Robin
   882 | D:2      | Reached skill level 5 in Armour
   882 | D:2      | Reached XP level 4. HP: 32/35 MP: 4/4
   920 | D:2      | Found a deep blue altar of Sif Muna.
   943 | D:2      | Noticed Sigmund
   958 | D:2      | Killed Sigmund
   958 | D:2      | Reached XP level 5. HP: 38/41 MP: 5/5
   958 | D:2      | Reached XP level 6. HP: 43/47 MP: 6/6
  1351 | D:2      | Noticed Natasha
  1369 | D:2      | Killed Natasha
  1434 | D:2      | Noticed Natasha
  1439 | D:2      | Killed Natasha
  1826 | D:3      | Noticed Terence
  1847 | D:3      | Killed Terence
  1929 | D:3      | Noticed NihilVerum's ghost (amateur DsNe)
  1976 | D:2      | Noticed Natasha
  1983 | D:2      | Killed Natasha
  2034 | D:3      | Found a faded altar of an unknown god.
  2288 | D:3      | Killed NihilVerum's ghost
  2288 | D:3      | Reached XP level 7. HP: 18/52 MP: 7/7
  2643 | D:3      | Noticed Grinder
  2665 | D:3      | Killed Grinder
  2970 | D:4      | Found Xenk's Food Emporium.
  3378 | D:4      | Found a staircase to the Ecumenical Temple.
  3404 | D:4      | Reached XP level 8. HP: 61/61 MP: 8/8
  3518 | D:5      | Entered Level 5 of the Dungeon
  3563 | D:5      | Reached skill level 5 in Fighting
  3702 | D:5      | Found a sand-covered staircase.
  3759 | Ossuary  | Entered an ossuary
  4187 | D:5      | Reached skill level 1 in Evocations
  4392 | D:5      | Found a burning altar of Makhleb.
  4639 | Temple   | Entered the Ecumenical Temple
  4897 | D:6      | Found a sparkling altar of Nemelex Xobeh.
  4922 | D:6      | Reached skill level 5 in Evocations
  4922 | D:6      | Reached XP level 9. HP: 64/71 MP: 12/12
  5335 | D:6      | Noticed Pikel
  5348 | D:6      | Killed Pikel
  5469 | D:6      | Noticed Eustachio
  5500 | D:6      | Killed Eustachio
  6107 | D:7      | Reached XP level 10. HP: 40/77 MP: 17/17
  6601 | D:7      | Noticed Prince Ribbit
  6756 | D:7      | Found a sacrificial altar of Ru.
  6761 | D:7      | Reached skill level 10 in Evocations
  6777 | D:7      | Became a worshipper of Ru the Awakened
  6833 | D:7      | Noticed Menkaure
  6839 | D:7      | Killed Menkaure
  6839 | D:7      | Reached skill level 1 in Polearms
  6889 | D:7      | Found a deep blue altar of Sif Muna.
  7019 | D:7      | Killed Prince Ribbit
  7019 | D:7      | Reached skill level 3 in Polearms
  7675 | D:8      | Reached skill level 4 in Polearms
  7887 | D:8      | Noticed Rrauwl's ghost (novice GnWr)
  7918 | D:8      | Reached skill level 5 in Polearms
  7981 | D:8      | Killed Rrauwl's ghost
  7981 | D:8      | Reached skill level 6 in Polearms
  8165 | D:8      | Found Hibo's Assorted Antiques.
  8348 | D:8      | You fall through a shaft for 3 floors!
  8611 | D:11     | Noticed a cyclops
  8635 | D:11     | Killed a cyclops
  8635 | D:11     | Reached skill level 7 in Polearms
  8710 | D:11     | Reached skill level 8 in Polearms
  8712 | D:11     | Reached XP level 11. HP: 25/83 MP: 18/18
  8714 | D:11     | Gained mutation: You cannot read scrolls while threatened. [Ru sacrifice]
  8714 | D:11     | Reached * piety under Ru
  9078 | D:10     | Entered Level 10 of the Dungeon
  9544 | D:8      | Reached skill level 9 in Polearms
 10071 | D:9      | Noticed Fascinator's ghost (novice MiBe)
 10102 | D:9      | Killed Fascinator's ghost
 10102 | D:9      | Reached skill level 10 in Polearms
 10392 | D:9      | Found a white marble altar of Elyvilon.
 10613 | D:9      | Found a snail-covered altar of Cheibriados.
 11431 | D:10     | Noticed Maurice
 11439 | D:10     | Killed Maurice
 11456 | D:10     | Reached skill level 11 in Polearms
 11584 | D:10     | Found a staircase to the Lair.
 11626 | D:10     | Noticed a two-headed ogre
 11634 | D:10     | Killed a two-headed ogre
 12189 | D:10     | Reached skill level 12 in Polearms
 12276 | D:10     | Found a staircase to the Orcish Mines.
 12280 | D:10     | Reached XP level 12. HP: 89/89 MP: 19/19
 12535 | D:10     | Got a smoking steel ring
 12549 | D:10     | Found Zisunog's Gadget Emporium.
 12561 | D:10     | Identified the ring "Bim Kyre" {*Contam rPois Str+3 Stlth-} (You found it on level 10 of the Dungeon)
 12595 | Lair:1   | Entered Level 1 of the Lair of Beasts
 12953 | Lair:1   | Reached skill level 13 in Polearms
 14438 | Lair:2   | Found a frozen archway.
 14458 | IceCv    | Entered an ice cave
 14751 | IceCv    | Reached skill level 10 in Armour
 14896 | IceCv    | Noticed an ice dragon
 14896 | IceCv    | Noticed an ice dragon
 14921 | IceCv    | HP: 2/89 [ice dragon/blast of cold (17)]
 14923 | IceCv    | Slain by an ice dragon

Skill      XL: |  1  2  3  4  5  6  7  8  9 10 11 12 |
---------------+-------------------------------------+-----
Armour         | 4 5 6 8 9 10 | 10.2
Fighting       | 4 6 |  6.9
Evocations     | 5 9 10 | 10.0
Polearms       | 8 12 13 | 13.9
Staves         | |  2.0
Shields        | |  3.6

Action                   |  1- 3 |  4- 6 |  7- 9 | 10-12 || total
-------------------------+-------+-------+-------+-------++-------
Melee: Quarterstaff      |   101 |    64 |       |       ||   165
       Trident           |       |    20 |   434 |   950 ||  1404
Invok: Sacrifice Words   |       |       |       |     1 ||     1
       Reject Sacrifices |       |       |       |     1 ||     1
 Abil: Shaft Self        |       |       |       |     1 ||     1
Evoke: Wand              |       |       |       |     9 ||     9
       Lamp of fire      |       |       |       |     1 ||     1
  Use: Potion            |       |     1 |       |     6 ||     7
       Scroll            |       |       |    16 |     6 ||    22
 Stab: Paralysed         |       |       |       |     1 ||     1
  Eat: Chunk             |       |     1 |    13 |    27 ||    41
       Ration            |       |     1 |       |     3 ||     4
Armor: Scale mail        |    43 |    26 |   230 |   249 ||   548
       Skin              |       |       |       |    19 ||    19
Dodge: Dodged            |    27 |    21 |   153 |   175 ||   376
       Deflected         |       |       |       |     2 ||     2
Block: Shield            |    46 |    27 |   207 |   306 ||   586
